 Dungeon Crawl Stone Soup version 0.30-a0-371-gad7725a93e (webtiles) character file.

Game seed: 1227882654216956137

2143 themarg the Destroyer (level 9, -8/55 HPs)
             Began as a White Draconian Conjurer on Nov 21, 2022.
             Was a Follower of Hepliaklqana.
             Mangled by an orc warrior
             ... wielding a +0 glaive
              (12 damage)
             ... in a bailey.
             The game lasted 00:28:13 (7894 turns).

themarg the Destroyer (White Draconian Conjurer)    Turns: 7894, Time: 00:28:14

Health: -8/55      AC:  8    Str: 10    XL:     9   Next: 9%
Magic:  14/17      EV: 11    Int: 25    God:    Hepliaklqana [*.....]
Gold:   195        SH:  0    Dex:  7    Spells: 16/19 levels left

rFire   . . .      SeeInvis +    r - +10 short sword of Exoneration {vorpal, Int+3 Dex-3 SInv}
rCold   + . .      Faith    .    (no shield)
rNeg    . . .      Spirit   .    (body armour unavailable)
rPois   .          Reflect  .    (helmet restricted)
rElec   .          Harm     .    (no cloak)
rCorr   .          Rampage  .    c - +0 pair of gloves
Will    .....                    (no boots)
Stlth   ++........               (no amulet)
HPRegen 0.29/turn                (no ring)
MPRegen 0.15/turn                (no ring)

@: no status effects
A: reduced essence, breathe frost, AC +7, unfitting armour, cold resistance 1,
cold-blooded
a: Breathe Frost, Renounce Religion, Recall Ancestor, Ancestor Identity


You were in a bailey.
You worshipped Hepliaklqana.
Hepliaklqana was aware of your devotion.
You visited 2 branches of the dungeon, and saw 8 of its levels.
You also visited: Bailey.

You collected 305 gold pieces.
You spent 110 gold pieces at shops.

Inventory:

Hand Weapons
 r - the +10 short sword of Exoneration (weapon) {vorpal, Int+3 Dex-3 SInv}
   (You found it on level 4 of the Dungeon)

   It inflicts extra damage upon your enemies.
   Int:       It affects your intelligence (+3).
   Dex:       It affects your dexterity (-3).
   SInv:      It lets you see invisible.
 y - the +5 rapier of Fortitude {protect, +Blink}
   (You found it on level 5 of the Dungeon)

   It grants its wielder temporary protection when it strikes (+7 to AC).
   +Blink:    It lets you blink.
Missiles
 d - 97 stones
 m - 6 atropa-tipped darts
 n - 2 curare-tipped darts
 w - 6 javelins
 F - 2 datura-tipped darts
 G - 3 boomerangs
Armour
 c - a +0 pair of gloves (worn)
 k - a +0 kite shield
Jewellery
 f - an amulet of guardian spirit
Wands
 D - a wand of digging (6)
Scrolls
 e - 3 scrolls of butterflies {unknown}
 g - 2 scrolls of poison {unknown}
 h - a scroll of amnesia {unknown}
 i - 2 scrolls of silence {unknown}
 p - a scroll of immolation {unknown}
 s - 2 scrolls of teleportation {unknown}
 t - a scroll of blinking {unknown}
 A - a scroll of brand weapon {unknown}
 B - a scroll of fear {unknown}
 E - a scroll of enchant weapon {unknown}
Potions
 a - 5 potions of magic
 b - 3 potions of haste
 j - 2 potions of might
 l - a potion of invisibility
 o - a potion of heal wounds
 q - a potion of resistance {unknown}
 u - 2 potions of cancellation
 v - a potion of lignification
 x - a potion of attraction {unknown}
 z - a potion of curing {unknown}
 C - a potion of mutation {unknown}


   Skills:
 - Level 1.7 Dodging
 - Level 3.0 Stealth
 * Level 1.4 Shields
 - Level 5.9 Spellcasting
 * Level 9.9 Conjurations
 + Level 1.8 Hexes
 + Level 1.9 Translocations
 + Level 2.2 Invocations


You had 16 spell levels left.
You knew the following spells:

 Your Spells              Type           Power      Damage    Failure   Level
a - Magic Dart            Conj           100%       1d8       1%          1
b - Searing Ray           Conj           100%       2d8       1%          2

Your spell library contained the following spells:

 Spells                   Type           Power      Damage    Failure   Level
 Dazzling Flash           Conj/Hex       72%        N/A       1%          3
 Iskenderun's Mystic Bla  Conj/Tloc      37%        2d9       6%          4
 Fulminant Prism          Conj/Hex       18%        3d10      7%          4
 Sticky Flame             Conj/Fire      32%        2d5       10%         4
 Ignite Poison            Fire/Tmut/Pois 7%         N/A       22%         3
 Ozocubu's Armour         Ice            7%         N/A       22%         3
 Manifold Assault         Tloc           17%        N/A       32%         4
 Dispersal                Tloc           8%         N/A       99%         6
 Ozocubu's Refrigeration  Ice            3%         4d8       100%        7
 Disjunction              Tloc           8%         N/A       100%        8
 Ignition                 Fire           3%         3d4       100%        8


Dungeon Overview and Level Annotations

Branches:
Dungeon (7/15)             Temple (1/1) D:4          Bailey (1/1)

Altars:
Ashenzari
Cheibriados
Dithmenos
Elyvilon
Gozag
Hepliaklqana
Kikubaaqudgha
Makhleb
Nemelex Xobeh
Okawaru
Qazlal
Ru
Sif Muna
Trog
Uskayaw
Vehumet
Wu Jian
Xom
Yredelemnul
Zin
The Shining One
Jiyva

Shops:
D:1 [   D:4 *(!

Annotations:
D:2 1 runed translucent door, Crazy Yiuf
D:4 1 runed translucent door, pigah's ghost, novice OpWn


Innate Abilities, Weirdness & Mutations

Your life essence is reduced to manifest your ancestor. (-10% HP)
You can breathe waves of freezing cold which knock back foes.
Your icy white scales are hard. (AC +7)
You cannot fit into any form of body armour.
Your flesh is cold resistant. (rC+)
You are cold-blooded and may be slowed by cold attacks.


Message History

The orc warrior hits you from afar with a +0 halberd!
* * * LOW HITPOINT WARNING * * *
You feel much better.
The orc warrior hits you from afar with a +0 halberd!
Casting: Searing Ray (safe; 1% risk of failure)
Confirm with . or Enter, or press ? or * to list all spells.
Aiming: Searing Ray (safe; 1% risk of failure)
Press: ? - help, Shift-Dir - straight line, f/p - orc warrior
Aim: an orc warrior, wielding a +0 halberd and wearing a +0 scale mail (severely wounded, 79% to hit)
The searing ray hits the orc warrior!
The orc warrior is almost dead.
The searing ray hits the orc warrior!
The orc warrior is severely wounded. (Press . to maintain the ray.)
The orc warrior hits you from afar with a +0 halberd!
* * * LOW HITPOINT WARNING * * *
Okay, then.
Magic courses through your body.
The orc warrior hits you from afar with a +0 halberd!
* * * LOW HITPOINT WARNING * * *
The orc warrior barely misses you.
Casting: Searing Ray (safe; 1% risk of failure)
Confirm with . or Enter, or press ? or * to list all spells.
Aiming: Searing Ray (safe; 1% risk of failure)
Press: ? - help, Shift-Dir - straight line, f/p - orc warrior
Aim: an orc warrior, wielding a +0 halberd and wearing a +0 scale mail (almost dead, 79% to hit)
The searing ray hits the orc warrior!
You kill the orc warrior! (Press . to maintain the ray.)
The orc warrior barely misses you.
Casting: Searing Ray (safe; 1% risk of failure)
Confirm with . or Enter, or press ? or * to list all spells.
Restarting spell: Searing Ray (safe; 1% risk of failure)
Press: ? - help, Shift-Dir - straight line, f - orc warrior
Aim: an orc warrior, wielding a +0 glaive and wearing a +0 plate armour (severely wounded, 83% to hit)
The searing ray hits the orc warrior but does no damage.
The orc warrior is severely wounded. (Press . to maintain the ray.)
The orc warrior hits you from afar with a +0 glaive!
You die...

♣..............))).'..#
♣..................'..#
♣..∩.......oo......#..#
♣.........######...#)8#
♣♣......♣..≈≈≈≈....#o.#
♣♣♣...♣♣..≈≈≈≈...##)..
###...o)≈≈≈≈...#.....
####..≈≈≈≈≈..#$.####
#..@≈≈≈≈..####
#♣..≈≈≈≈≈.. ♣♣..≈≈≈≈≈.♣
♣♣♣♣≈≈≈≈≈♣ ♣≈≈≈≈≈♣
#######


You could see an orc warrior.

Vanquished Creatures
  Pikel (D:6)
  Sigmund (D:6)
  4 orc warriors (Bailey)
  2 ogres
  A centaur (D:5)
  3 lemures (D:6)
  Blork the orc (D:6)
  2 necrophages
  2 scorpions
  3 wights (D:6)
  A hound (D:6)
  4 orc priests (D:6)
  A gnoll bouda (D:6)
  2 orc wizards
  Robin (D:4)
  5 gnolls (D:6)
  3 adders
  A shadow imp (D:6)
  A white imp (D:6)
  An ufetubus (D:4)
  4 worms
  A dart slug (D:3)
  29 orcs
  9 endoplasms
  2 giant cockroaches
  17 goblins
  19 hobgoblins
  5 jackals
  6 kobolds
  A quokka (D:5)
  7 ball pythons
  6 bats
  4 frilled lizards (D:1)
  4 rats
154 creatures vanquished.

Vanquished Creatures (collateral kills)
  An orc (Bailey)
1 creature vanquished.

Vanquished Creatures (others)
  A jelly (D:5)
  An ancestor (Bailey)
  11 plants (D:3)
13 creatures vanquished.

Grand Total: 168 creatures vanquished

Notes
Turn   | Place    | Note
-------+----------+-------------------------------------------
     0 | D:1      | themarg the Draconian Conjurer began the quest for the Orb.
     0 | D:1      | Reached XP level 1. HP: 14/14 MP: 3/3
   225 | D:1      | Reached XP level 2. HP: 20/20 MP: 1/5
   228 | D:1      | Learned a level 2 spell: Searing Ray
   584 | D:1      | Found Zetwev's Armour Shop.
   918 | D:2      | Reached XP level 3. HP: 26/26 MP: 2/7
  1351 | D:2      | Found a runed translucent door.
  1352 | D:2      | Noticed Crazy Yiuf
  1486 | D:2      | Found a faded altar of an unknown god.
  1977 | D:3      | Found a bloodstained altar of Trog.
  2242 | D:3      | Reached XP level 4. HP: 33/33 MP: 3/8
  2332 | D:3      | Found a glowing golden altar of the Shining One.
  2351 | D:3      | Found a shadowy altar of Dithmenos.
  2560 | D:3      | Found a sparkling altar of Nemelex Xobeh.
  2619 | D:3      | Found a glowing silver altar of Zin.
  2955 | D:3      | Found a white marble altar of Elyvilon.
  3463 | D:4      | Found Pudwaiz's General Store.
  3623 | D:4      | Noticed Robin
  3721 | D:4      | Found a staircase to the Ecumenical Temple.
  3726 | D:4      | Noticed an ogre
  3732 | D:4      | Killed an ogre
  3733 | D:4      | Reached skill level 5 in Conjurations
  3733 | D:4      | Reached XP level 5. HP: 38/38 MP: 3/10
  3737 | Temple   | Entered the Ecumenical Temple
  3811 | Temple   | Became a worshipper of Hepliaklqana the Forgotten
  3838 | D:4      | Found Zeyfeqig's Weapon Boutique.
  3850 | D:4      | Identified the +10 short sword of Exoneration {vorpal,
                  | Int+3 Dex-3 SInv}
  3882 | D:4      | Killed Robin
  4201 | D:4      | Found a runed translucent door.
  4202 | D:4      | Noticed pigah's ghost (novice OpWn)
  4231 | D:4      | Found Huhor's Distillery.
  4239 | D:4      | Bought a potion of lignification for 30 gold pieces
  4239 | D:4      | Bought a potion of cancellation for 80 gold pieces
  4360 | D:4      | Reached XP level 6. HP: 45/45 MP: 2/11
  4632 | D:4      | Reached skill level 6 in Conjurations
  4770 | D:5      | Entered Level 5 of the Dungeon
  5200 | D:5      | Found a broken altar of Ashenzari.
  5213 | D:5      | Identified the +5 rapier of Fortitude {protect, +Blink}
  5330 | D:5      | Identified the +3 mace "Diraujat" {pain, Dex+5}
  5694 | D:6      | Your scales start taking on an icy white colour.
  5694 | D:6      | Reached XP level 7. HP: 40/50 MP: 7/13
  5694 | D:6      | Gained mutation: Your flesh is cold resistant. (rC+) [White
                  | Draconian growth]
  5743 | D:6      | Reached skill level 7 in Conjurations
  6083 | D:6      | Noticed Sigmund
  6098 | D:6      | Noticed Pikel
  6140 | D:6      | Killed Pikel
  6141 | D:6      | Reached skill level 5 in Spellcasting
  6141 | D:6      | Reached skill level 8 in Conjurations
  6141 | D:6      | Reached XP level 8. HP: 11/57 MP: 5/16
  6603 | D:6      | Found a stormy altar of Qazlal.
  6793 | D:6      | Noticed Blork the orc
  6796 | D:6      | Killed Blork the orc
  6804 | D:6      | Killed Sigmund
  6805 | D:6      | Reached skill level 9 in Conjurations
  6994 | D:6      | Found an ancient bone altar of Kikubaaqudgha.
  6995 | D:6      | Found a burning altar of Makhleb.
  7036 | D:6      | Found an iron altar of Okawaru.
  7036 | D:6      | Found a shimmering altar of Xom.
  7127 | D:6      | Reached * piety under Hepliaklqana
  7159 | D:6      | Reached skill level 1 in Invocations
  7201 | D:6      | Reached skill level 1 in Translocations
  7205 | D:6      | Reached skill level 1 in Hexes
  7635 | D:7      | Found a flagged portal.
  7648 | Bailey   | Entered a bailey
  7868 | Bailey   | Reached skill level 1 in Shields
  7868 | Bailey   | Reached XP level 9. HP: 24/55 MP: 7/17
  7894 | Bailey   | Mangled by an orc warrior

Illustrated notes

Levels and vault maps discovered:
D:1:      eino_arrival_cavern_e, layout_rooms, serial_shops,
          nicolae_shop_behind_doors, minmay_misc_feat_diagonals
D:2:      layout_basic, hellmonk_ecumenical_altar_heavens_door,
          uniq_crazy_yiuf_cottage
D:3:      layout_basic, zin_statuary, mainiacjoe_overflow_24_doors,
          mainiacjoe_overflow_small_starburst, nicolae_elyvilon_temple_path,
          trog_hazing_becter, lemuel_tele_altar
D:4:      wander_river, layout_rooms, minmay_temple_entry_junction,
          serial_shops, shop_statue, nicolae_stop_n_shop_1, shop,
          gammafunk_ghost_grave, uniq_robin
D:5:      layout_basic, nicolae_ashenzari_panopticon, dk_noncrumbling_2,
          lemuel_flame_loot_1
D:6:      nicolae_cairo_tiling_very_big, layout_loops_corners,
          grunt_temple_overflow_open, nicolae_qazlal_general_emergency,
          uniq_sigmund, uniq_blork_the_orc, uniq_pikel
D:7:      layout_loops_ring, mainiacjoe_overflow_alcove_4, enter_bailey_4,
          uniq_menkaure
Temple:   pf_slimified_temple
Bailey:   bailey_polearm_elven_captive_hellmonk, bailey

Skill      XL: |  1  2  3  4  5  6  7  8 |
---------------+-------------------------+-----
Stealth        | 2 3 |  3.0
Spellcasting   | 3 4 5 |  5.9
Conjurations   | 5 6 8 9 |  9.9
Invocations    | 2 |  2.2
Translocations | 1 |  1.9
Hexes          | 1 |  1.8
Shields        | 1 |  1.4
Dodging        | |  1.7

Action                   |  1- 3 |  4- 6 |  7- 9 || total
-------------------------+-------+-------+-------++-------
Melee: Whip              |     2 |       |       ||     2
       Dagger            |    29 |       |       ||    29
       Tailslap          |     5 |     1 |       ||     6
       Punch             |     2 |       |       ||     2
       Short sword       |       |     3 |       ||     3
 Cast: Magic Dart        |    92 |    79 |    15 ||   186
       Searing Ray       |     5 |    33 |    36 ||    74
Invok: Ancestor Identity |       |       |     1 ||     1
 Abil: Breathe Frost     |       |       |     1 ||     1
  Use: Scroll            |       |     4 |       ||     4
       Potion            |       |       |     2 ||     2
Armor: Skin              |    15 |    12 |     7 ||    34
Dodge: Dodged            |    58 |    16 |    21 ||    95

Table legend: (Time is in decaauts)
 A = Elapsed time spent in this place.
 B = Non-inter-level travel time spent in this place.
 C = Inter-level travel time spent in this place.
 D = Time resting spent in this place.
 E = Time spent auto-exploring this place.
 F = Levels seen in this place.
 G = Mean time per level.
                   A        B        C        D        E       F      G
               +--------+--------+--------+--------+--------+-----+--------+
         Total |   7928 |   7665 |    263 |   1588 |   4902 |   9 |  880.9 |
       Dungeon |   7590 |   7327 |    263 |   1494 |   4902 |   7 | 1084.3 |
        Temple |     92 |     92 |      0 |      0 |      0 |   1 |   92.0 |
        Bailey |    245 |    245 |      0 |     94 |      0 |   1 |  245.0 |
               +--------+--------+--------+--------+--------+-----+--------+

Top non-repeatable levels by time:
     D:3: 1915 daAuts
     D:6: 1902 daAuts
     D:1: 1166 daAuts
     D:5: 943 daAuts
     D:4: 876 daAuts
     D:2: 748 daAuts
  Bailey: 245 daAuts
  Temple: 92 daAuts
     D:7: 37 daAuts
